 Dungeon Crawl Stone Soup version 0.31-a0-164-g2312942fda (webtiles) character file.

Game seed: 11743007304009374303

2026036 Sergey the Worldbinder (level 27, 228/228 HPs)
             Began as a Merfolk Warper on June 13, 2023.
             Was an Initiate of Gozag.
             Escaped with the Orb
             ... and 4 runes!
             The game lasted 03:31:29 (85641 turns).

Sergey the Worldbinder (Merfolk Warper)            Turns: 85641, Time: 03:31:29

Health: 228/228    AC: 24    Str: 12    XL:     27
Magic:  39/39      EV: 37    Int: 23    God:    Gozag
Gold:   6475       SH:  9    Dex: 27    Spells: 11/50 levels left

rFire   + + .        e - +6 quick blade (holy)
rCold   + . .        y - +1 buckler {AC+3}
rNeg    + + .        E - +5 steam dragon scales
rPois   +            a - -2 hat of the Alchemist {rElec rPois rF+ rC+ rN+ Will+ rMut rCorr}
rElec   +            L - +2 cloak {Will+}
rCorr   +            R - +3 pair of gauntlets of War {Slay+5}
SInv    +            s - +1 pair of boots of Makhleb's Displeasure {rElec Dex+4 SInv}
Will    +++++        g - amulet of Poschiu {Acrobat Will+ Regen+}
Stlth   ++           l - ring of Uxkulewe {rF+ Dex+4}
HPRegen 1.38/turn    Y - ring of the Devil's Team {rN+ Int+3 Slay+4}
MPRegen 0.26/turn

%: acrobat, resist mutation
@: no status effects
A: (nimble swimmer 2), mertail
0: Orb of Zot
}: 4/15 runes: decaying, slimy, silver, gossamer
a: Renounce Religion, Potion Petition, Call Merchant, Bribe Branch


You escaped.
You worshipped Gozag.
Gozag was greatly pleased with you.
You visited 11 branches of the dungeon, and saw 53 of its levels.
You also visited: Ice Cave.

You collected 33139 gold pieces.
You spent 7449 gold pieces at shops.
You paid 19215 gold pieces to Gozag.

Inventory:

Hand Weapons
 e - a +6 quick blade of holy wrath (weapon)
 q - the +8 Vampire's Tooth {megavamp}
   (You took it off a deep elf elementalist on level 3 of the Elven Halls)
 w - a +9 demon blade of draining
Missiles
 d - 20 boomerangs (quivered)
 f - 13 curare-tipped darts
 T - 8 boomerangs of dispersal
 V - 2 throwing nets
Armour
 a - the -2 hat of the Alchemist (worn) {rElec rPois rF+ rC+ rN+ Will+ rMut rCorr}
   (You bought it in a shop on level 4 of the Depths)

   rF:        It protects you from fire.
   rC:        It protects you from cold.
   rElec:     It insulates you from electricity.
   rPois:     It protects you from poison.
   rN:        It protects you from negative energy.
   rCorr:     It protects you from acid and corrosion.
   rMut:      It protects you from mutation.
   Will:      It increases your willpower.
 h - the +2 pair of gloves of Good Intentions {*Corrode Will+ Int+2 Stlth+}
   (You bought it in a shop on level 9 of the Dungeon)

   Int:       It affects your intelligence (+2).
   *Corrode:  It may corrode you when you take damage.
   Will:      It increases your willpower.
   Stlth:     It makes you more stealthy.
 s - the +1 pair of boots of Makhleb's Displeasure (worn) {rElec Dex+4 SInv}
   (You bought it in a shop on level 9 of the Dungeon)

   Dex:       It affects your dexterity (+4).
   rElec:     It insulates you from electricity.
   SInv:      It lets you see invisible.
 x - a +2 robe of resistance
 y - a +1 buckler of protection (worn)
 E - +5 steam dragon scales (worn)
 L - a +2 cloak of willpower (worn)
 R - the +3 pair of gauntlets of War (worn) {Slay+5}
   (You bought it in a shop on level 2 of the Orcish Mines)

   Slay:      It affects your accuracy & damage with ranged weapons and melee
   (+5).
Jewellery
 g - the amulet of Poschiu (around neck) {Acrobat Will+ Regen+}
   (You bought it in a shop on level 9 of the Dungeon)

   [amulet of the acrobat]

   It increases your evasion while moving and waiting.
   Regen:     It increases your rate of health regeneration.
   Will:      It increases your willpower.
 l - the ring of Uxkulewe (left hand) {rF+ Dex+4}
   (You bought it in a shop on level 1 of the Vaults)

   [ring of protection from fire]

   Dex:       It affects your dexterity (+4).
   rF:        It protects you from fire.
 m - the ring of Emozuuv {rElec AC+4 SInv}
   (You acquired it on level 3 of the Depths)

   [ring of protection]

   AC:        It affects your AC (+4).
   rElec:     It insulates you from electricity.
   SInv:      It lets you see invisible.
 I - the ring of Yfuoxu {+Blink rPois rF+ rC+ rN+}
   (You took it off an orc on level 5 of the Vaults)

   [ring of protection from fire]

   rF:        It protects you from fire.
   rC:        It protects you from cold.
   rPois:     It protects you from poison.
   rN:        It protects you from negative energy.
   +Blink:    It lets you blink.
 X - the ring of the Impish Eggfruit {rElec rPois rF+ Will- Str+2}
   (You took it off an orc warrior on level 5 of the Vaults)

   [ring of poison resistance]

   Str:       It affects your strength (+2).
   rF:        It protects you from fire.
   rElec:     It insulates you from electricity.
   rPois:     It protects you from poison.
   Will:      It decreases your willpower.
 Y - the ring of the Devil's Team (right hand) {rN+ Int+3 Slay+4}
   (You took it off a deep elf high priest on level 3 of the Elven Halls)

   [ring of slaying]

   Int:       It affects your intelligence (+3).
   Slay:      It affects your accuracy & damage with ranged weapons and melee
   (+4).
   rN:        It protects you from negative energy.
Wands
 c - a wand of acid (11)
 i - a wand of iceblast (57)
 v - a wand of digging (11)
 z - a wand of mindburst (36)
 S - a wand of charming (22)
Scrolls
 u - 7 scrolls of vulnerability {!r}
 C - 10 scrolls of fear
 J - a scroll of silence {!r}
 K - 21 scrolls of teleportation {@r3}
 M - 3 scrolls of butterflies
 O - 2 scrolls of revelation
 P - 6 scrolls of blinking {@r4}
 Q - 5 scrolls of fog {@r2}
 Z - 5 scrolls of immolation
Potions
 j - 8 potions of brilliance
 k - 19 potions of curing {@q2}
 n - 11 potions of ambrosia
 o - 8 potions of lignification
 p - 6 potions of cancellation
 r - 6 potions of enlightenment
 t - 11 potions of heal wounds {@q1}
 F - 4 potions of resistance
 G - 6 potions of might {@q3}
 H - 5 potions of invisibility
 N - 7 potions of haste {@q5}
 U - 9 potions of mutation
 W - 5 potions of magic
Miscellaneous
 b - a phantom mirror
 A - a lightning rod (4/4)
 B - a tin of tremorstones (2/2)
 D - a phial of floods


   Skills:
 + Level 21.2 Fighting
 - Level 11.0(14.0) Short Blades
 - Level 14.0(15.4) Long Blades
 - Level 10.0 Polearms
 - Level 4.0 Throwing
 - Level 11.0 Armour
 * Level 24.8 Dodging
 - Level 10.0 Stealth
 + Level 11.0 Shields
 - Level 12.0 Spellcasting
 - Level 3.7 Hexes
 - Level 25.6 Summonings
 - Level 6.0 Translocations
 - Level 8.0 Transmutations
 - Level 13.0 Evocations


You had 11 spell levels left.
You knew the following spells:

 Your Spells              Type           Power      Damage    Failure   Level
a - Summon Mana Viper     Hex/Summ       69%        N/A       1%          5
b - Call Canine Familiar  Summ           93%        N/A       0%          3
c - Summon Cactus Giant   Summ           46%        N/A       1%          6
d - Dragon's Call         Summ           46%        N/A       16%         9
e - Blink                 Tloc           82%        N/A       1%          2
f - Summon Forest         Summ/Tloc      36%        N/A       1%          5
h - Summon Hydra          Summ           46%        N/A       1%          7
x - Wereblood             Tmut           50%        N/A       1%          2

Your spell library contained the following spells:

 Spells                   Type           Power      Damage    Failure   Level
 Slow                     Hex            100%       N/A       1%          1
 Sting                    Tmut/Pois      100%       1d8       1%          1
 Lesser Beckoning         Tloc           82%        N/A       1%          2
 Gell's Gravitas          Tloc           41%        N/A       1%          3
 Summon Guardian Golem    Hex/Summ       69%        N/A       1%          3
 Teleport Other           Tloc           41%        N/A       1%          3
 Animate Armour           Summ/Erth      100%       N/A       1%          4
 Summon Lightning Spire   Summ/Air       64%        N/A       1%          4
 Portal Projectile        Hex/Tloc       72%        N/A       2%          3
 Confusing Touch          Hex            30%        N/A       3%          3
 Spider Form              Tmut/Pois      32%        N/A       3%          3
 Tukima's Dance           Hex            30%        N/A       3%          3
 Ensorcelled Hibernation  Hex/Ice        44%        N/A       4%          2
 Vhi's Electric Charge    Tloc/Air       54%        N/A       4%          3
 Manifold Assault         Tloc           41%        N/A       4%          4
 Passage of Golubria      Tloc           41%        N/A       4%          4
 Foxfire                  Conj/Fire      52%        2x1d6     5%          1
 Freeze                   Ice            52%        1d6       5%          1
 Kiss of Death            Conj/Necr      52%        2d9       5%          1
 Magic Dart               Conj           52%        1d5       5%          1
 Necrotise                Necr           52%        1d6       5%          1
 Shock                    Conj/Air       52%        1d6       5%          1
 Blade Hands              Tmut           25%        N/A       6%          5
 Dazzling Flash           Conj/Hex       44%        N/A       8%          3
 Inner Flame              Hex/Fire       22%        N/A       8%          3
 Cigotuvi's Dreadful Rot  Necr/Pois/Air  26%        N/A       9%          2
 Poisonous Vapours        Pois/Air       26%        N/A       9%          2
 Scorch                   Fire           26%        2d6       9%          2
 Searing Ray              Conj           26%        2d5       9%          2
 Static Discharge         Conj/Air       26%        2-4/arc   9%          2
 Sublimation of Blood     Necr           13%        N/A       9%          2
 Ice Form                 Ice/Tmut       32%        N/A       11%         4
 Petrify                  Tmut/Erth      32%        N/A       11%         4
 Cause Fear               Hex            15%        N/A       12%         4
 Yara's Violent Unravell  Hex/Tmut       20%        3d9       14%         5
 Iskenderun's Mystic Bla  Conj/Tloc      27%        2d7       16%         4
 Frozen Ramparts          Ice            26%        1d4       17%         3
 Hailstorm                Conj/Ice       13%        3d5       17%         3
 Mephitic Cloud           Conj/Pois/Air  13%        N/A       17%         3
 Ozocubu's Armour         Ice            13%        N/A       17%         3
 Vampiric Draining        Necr           13%        2d6       17%         3
 Anguish                  Hex/Necr       11%        N/A       26%         4
 Fulminant Prism          Conj/Hex       11%        3d8       26%         4
 Leda's Liquefaction      Hex/Erth       11%        N/A       26%         4
 Spellforged Servitor     Conj/Summ      32%        N/A       26%         7
 Alistair's Intoxication  Tmut/Pois      21%        N/A       30%         5
 Irradiate                Conj/Tmut      16%        3d17      30%         5
 Airstrike                Air            6%         2d(1-17)  50%         4
 Dispel Undead            Necr           13%        3d9       50%         4
 Flame Wave               Conj/Fire      13%        2d6       50%         4
 Olgreb's Toxic Radiance  Pois           13%        N/A       50%         4
 Sticky Flame             Conj/Fire      13%        2d4       50%         4
 Metabolic Englaciation   Hex/Ice        11%        N/A       58%         5
 Silence                  Hex/Air        11%        N/A       58%         5
 Agony                    Necr           13%        N/A       83%         5
 Arcjolt                  Conj/Air       6%         1d16      83%         5
 Borgnjor's Vile Clutch   Necr/Erth      6%         N/A       83%         5
 Fireball                 Conj/Fire      6%         3d5       83%         5
 Freezing Cloud           Conj/Ice/Air   6%         6-21      83%         5
 Iskenderun's Battlesphe  Conj           13%        2d7       83%         5
 Lee's Rapid Deconstruct  Erth           6%         3d6*      83%         5
 Eringya's Noxious Bog    Tmut/Pois      16%        N/A       86%         6
 Statue Form              Tmut/Erth      21%        N/A       86%         6
 Dragon Form              Tmut           25%        N/A       87%         7
 Conjure Ball Lightning   Conj/Air       6%         3x3d6     100%        6
 Death Channel            Necr           6%         N/A       100%        6
 Leda's Unmaking          Conj/Erth      6%         9d2       100%        6
 Plasma Beam              Fire/Air       6%         2x1d17    100%        6
 Enfeeble                 Hex            15%        N/A       100%        7
 Orb of Destruction       Conj           6%         9d6       100%        7
 Storm Form               Tmut/Air       16%        N/A       100%        7
 Borgnjor's Revivificati  Necr           6%         N/A       100%        8
 Discord                  Hex            15%        N/A       100%        8
 Disjunction              Tloc           20%        N/A       100%        8
 Lehudib's Crystal Spear  Conj/Erth      6%         10d3      100%        8
 Necromutation            Tmut/Necr      16%        N/A       100%        8
 Chain Lightning          Conj/Air       6%         3d8       100%        9
 Death's Door             Necr           6%         N/A       100%        9
 Fire Storm               Conj/Fire      6%         8d2       100%        9
 Shatter                  Erth           6%         3d9*      100%        9
 Animate Dead             Necr           Unusable   N/A       N/A         4
 Simulacrum               Ice/Necr       Unusable   N/A       N/A         6

Dungeon Overview and Level Annotations

Branches:
Dungeon (15/15)            Temple (1/1) D:6            Lair (5/5) D:9
  Swamp (4/4) Lair:3       Spider (4/4) Lair:3        Slime (5/5) Lair:4
    Orc (2/2) D:9             Elf (3/3) Orc:2        Vaults (5/5) D:14
  Crypt (0/3) Vaults:3     Depths (4/4) D:15            Zot (5/5) Depths:4
  IceCv (visited)

Altars:
Ashenzari
Cheibriados
Dithmenos
Elyvilon
Fedhas
Gozag
Hepliaklqana
Kikubaaqudgha
Makhleb
Nemelex Xobeh
Okawaru
Qazlal
Ru
Sif Muna
Trog
Uskayaw
Vehumet
Wu Jian
Xom
Yredelemnul
Zin
The Shining One
Jiyva
Lugonu

Shops:
D:3 (:   D:9 [=   Orc:2 ?[?*(*(   Elf:1 =   Lair:3 [   Vaults:1 =   Vaults:2 (
Vaults:3 =   Vaults:5 [   Zot:5 *   Depths:4 *

Portals:
Hell: Depths:1 Depths:2 Depths:3 Depths:4
Abyss: Depths:2 Depths:3
Pandemonium: Depths:2 Depths:4
Ziggurat: Depths:4

Annotations:
D:1 exclusion: downstairs
D:3 exclusion: downstairs
D:4 exclusion: downstairs
D:8 exclusion: downstairs
D:14 exclusion: downstairs
Lair:4 exclusion: downstairs
Swamp:3 exclusion: 2 downstairs
Spider:2 exclusion: downstairs
Elf:2 3 runed translucent doors
Depths:2 exclusion: downstairs


Innate Abilities, Weirdness & Mutations

((You are very nimble when in or above water. (Stealth+, EV+, Speed+++)))
Your lower body shifts to a powerful aquatic tail in water.


Message History

Where to? (Enter - D:1 @ (x,y), ? - help)
There is a stone staircase leading up here.
You climb upwards.
There is a stone staircase leading down here.
There is a stone staircase leading up here.
You climb upwards.
There is a stone staircase leading down here.
You see here a +0 battleaxe.
There is a stone staircase leading up here.
You climb upwards.
There is a stone staircase leading down here.
There is a stone staircase leading up, spattered with blood here.
You climb upwards.
Level annotation: exclusion: downstairs
There is a stone staircase leading down, spattered with blood here.
HP restored.
There is a stone staircase leading up here.
You climb upwards.
Level annotation: exclusion: downstairs
There is a stone staircase leading down here.
There is an escape hatch in the ceiling here.
A mysterious force pulls you upwards. The hatch slams shut behind you.
A green death comes into view.
The green death gestures at you. The bolt of poison misses you.
The green death gestures at you. You block the poison arrow.
You can't go up here!
There is a stone staircase leading up here.
You climb upwards.
Level annotation: exclusion: downstairs
There is a stone staircase leading down here.
(D) Dungeon (T) Temple (L) Lair (S) Swamp (N) Spider Nest (M) Slime Pits (O) Orcish Mines (E) Elven Halls (V) Vaults (C) Crypt (U) Depths (H) Hell (Z) Zot
Where to? (Enter - D:1 @ (x,y), ? - help)
There is a staircase leading out of the dungeon here.
Unknown command.
You have escaped!

..# #.#.# ..# #.#.. ..# #.### ..#
#####.# ..# #.....# ###
######.##..# ##### #..........###
#...# #.............
##.@.###........#.###
#....#.######.#...#.. #####
#.####.# #....###.# #...#
##......# #..### #.# #...#
#....##.# #..# #.# #...# #....##.#
###..#####.# #...# #.......#
#..........#
#...#########.......###.##########
#................)...............#


There were no monsters in sight!

Vanquished Creatures
  A dread lich (Vaults:3)
  An ancient lich (Vaults:5)
  Mara (Swamp:4)
  A juggernaut (Depths:1)
  the Lernaean hydra (Swamp:4)
  Boris (Vaults:5)
  Bai Suzhen (Vaults:2)
  5 caustic shrikes
  Saint Roka (Vaults:5)
  A curse toe (Zot:3)
  7 golden dragons
  Nikola (Depths:2)
  A bone dragon (Depths:4)
  A pandemonium lord (Zot:1)
  A Tzitzimitl (Depths:2)
  An electric golem (Zot:5)
  A hellephant (D:14)
  8 tentacled monstrosities
  A walking crystal tome (Depths:2)
  4 liches
  2 walking frostbound tomes (Depths:2)
  9 Orb Guardians
  2 walking divine tomes
  5 titans
  2 quicksilver dragons
  A deep elf blademaster (Elf:3)
  2 deep elf master archers (Elf:3)
  7 acid blobs
  A death cob (Zot:5)
  3 tengu reavers
  8 sphinxes
  8 shadow dragons
  5 storm dragons
  4 draconian knights
  A revenant (Vaults:3)
  7 azure jellies
  12 rockslimes
  5 draconian monks
  9 vault wardens
  6 frost giants
  An iron dragon (Vaults:5)
  4 deep elf sorcerers
  13 fire giants
  11 emperor scorpions
  A balrug (Depths:3)
  5 draconian scorchers
  A draconian shifter (Zot:3)
  An orc warlord (Vaults:4)
  4 ghouls (Swamp:3)
  A draconian annihilator (Zot:2)
  2 broodmothers
  5 deep elf elementalists (Elf:3)
  6 ghost moths
  4 quicksilver oozes
  2 spriggan defenders
  A stone giant (shapeshifter) (Vaults:5)
  15 very ugly things
  5 formless jellyfish
  11 ironbound preservers
  2 war gargoyles (Vaults:5)
  10 stone giants
  10 ironbound thunderhulks
  2 vampire knights (Depths:3)
  8 deep elf annihilators
  An eleionoma (shapeshifter) (Vaults:5)
  5 deep elf demonologists
  4 green draconians
  4 eleionomae
  6 red draconians
  A bunyip (shapeshifter) (Elf:3)
  Azrael (Spider:3)
  6 bunyips
  3 black draconians
  8 spark wasps
  6 dire elephants
  5 purple draconians
  3 white draconians (Zot:2)
  8 deep elf death magi
  3 yellow draconians
  2 crystal guardians (Vaults:3)
  20 ettins
  A green death (D:14)
  An eidolon (Vaults:3)
  8 entropy weavers
  3 deep elf high priests
  9 vault guards
  The ghost of Anon1729 the Carver, a journeyman MiMo of Uskayaw (D:12)
  7 fire dragons
  13 great orbs of eyes
  12 yaktaur captains
  4 rakshasas
  5 ghost crabs
  A peacekeeper (Vaults:3)
  A radroach (Spider:2)
  15 ice dragons
  An anaconda (shapeshifter) (Vaults:5)
  A jorogumo (Spider:1)
  7 ironbound frosthearts
  11 hydras
  6 spriggan air magi
  A catoblepas (Lair:4)
  4 boulder beetles
  14 centaur warriors
  4 two-headed ogres
  2 death knights (Vaults:3)
  8 alligators
  12 death yaks
  4 hell hogs (D:11)
  8 deep troll shamans
  3 vampire magi
  4 orc high priests (Orc:2)
  6 demonic crawlers
  5 tengu warriors
  20 dancing weapons
  5 deep troll earth magi
  8 spriggan berserkers
  4 hell knights (Depths:2)
  8 deep elf knights
  9 iron trolls
  36 deep trolls
  A sun moth (Spider:3)
  A shadow wraith (D:14)
  6 pharaoh ants
  A sixfirhy (Depths:2)
  5 flayed ghosts
  A golden dragon zombie (Depths:2)
  7 swamp dragons (Swamp:4)
  3 goliath frogs
  3 spriggan druids
  5 deep elf archers
  A quicksilver dragon simulacrum (Depths:2)
  2 bog bodies
  3 glowing orange brains
  7 steelbarb worms
  4 wizards
  12 orb spiders
  2 phantasmal warriors (Depths:3)
  A sphinx zombie (Vaults:1)
  15 wolf spiders
  2 harpies (shapeshifter)
  15 ironbound convokers
  8 lindwurms
  A frost giant zombie (Depths:2)
  4 harpies
  5 necromancers
  6 orc knights
  21 deep elf pyromancers
  A human zombie (Vaults:3)
  A shining eye (Slime:5)
  22 deep elf zephyrmancers
  2 cyclopes
  24 ugly things
  3 oklob plants (Lair:3)
  2 orc sorcerers (Orc:2)
  6 black mambas
  3 manticores
  A fire giant zombie (Vaults:2)
  A stone giant skeleton (Vaults:2)
  12 moths of wrath
  9 apocalypse crabs (Depths:2)
  18 vault sentinels
  An eye of devastation (Slime:4)
  2 smoke demons (Depths:3)
  A water nymph (shapeshifter) (Depths:3)
  A cane toad (shapeshifter) (D:15)
  7 cane toads
  2 torpor snails
  Maggie (D:7)
  A kobold demonologist (D:10)
  2 unseen horrors
  3 rime drakes
  20 nameless horrors
  2 tengu conjurers
  3 komodo dragons
  21 yaktaurs
  A freezing wraith (Vaults:3)
  2 efreet
  An ice devil (D:14)
  6 trolls
  5 meliai
  2 hellwings
  9 tyrant leeches
  2 bloated husks
  9 hornets
  24 tarantellas
  14 blink frogs
  Grinder (D:5)
  2 large abominations (D:15)
  A human skeleton (Vaults:2)
  An ettin skeleton (Vaults:2)
  3 air elementals
  56 slime creatures
  28 jumping spiders
  A spriggan (shapeshifter) (D:15)
  2 vampires (D:10)
  6 spriggans
  32 yaks
  20 culicivoras
  3 shadows
  4 elf zombies
  11 wyverns
  10 water elementals
  4 wraiths
  Grum (D:10)
  A human (D:12)
  11 golden eyes (Slime:5)
  4 basilisks
  A chaos spawn (D:11)
  14 vampire mosquitoes
  4 fire elementals
  A steam dragon (D:9)
  47 redbacks
  A redback (shapeshifter) (Vaults:5)
  A death yak simulacrum (IceCv)
  2 wargs
  9 swamp worms
  A glowing shapeshifter zombie (Depths:2)
  A hydra simulacrum (IceCv)
  20 water moccasins
  3 hell hounds (Spider:3)
  3 floating eyes
  An ogre skeleton (Vaults:1)
  16 orc warriors
  Duvessa (D:7)
  2 sky beasts
  3 swamp drakes (Swamp:4)
  6 black bears
  3 ice beasts
  4 ogres
  6 boggarts
  10 centaurs
  8 wolves
  2 phantoms
  A kobold brigand (D:6)
  4 earth elementals
  15 bullfrogs
  A necrophage (Swamp:3)
  3 scorpions
  A cane toad simulacrum (IceCv)
  A glowing shapeshifter simulacrum (Vaults:3)
  6 two-headed ogre simulacra
  3 gnoll sergeants (D:6)
  5 wights
  Dowan (D:7)
  12 killer bees
  12 electric eels
  6 howler monkeys
  5 small abominations (D:15)
  7 hounds
  3 jellies
  Crazy Yiuf (D:6)
  12 orc priests
  4 gnoll boudas
  A sleepcap (D:3)
  4 iguanas
  8 orc wizards
  9 hell rats (Lair:2)
  A spriggan simulacrum (IceCv)
  3 troll simulacra
  2 wolf simulacra (IceCv)
  11 adders
  25 gnolls
  2 naga simulacra (IceCv)
  13 river rats (Lair:2)
  4 white imps
  4 ufetubi
  A worm (D:3)
  A dart slug (D:5)
  50 orcs
  3 ball pythons
  7 endoplasms
  4 giant cockroaches
  5 goblins
  11 hobgoblins
  15 jackals
  10 quokkas
  6 bats
  3 frilled lizards
  10 kobolds
  13 rats
  2 ball lightnings (Zot:1)
1714 creatures vanquished.

Vanquished Creatures (collateral kills)
  A dread lich (Zot:5)
  An ancient lich (Zot:5)
  An orb of fire (Zot:5)
  3 Killer Klowns (Zot:5)
  Xtahua (Vaults:5)
  3 golden dragons
  the Enchantress (Depths:2)
  Arachne (Spider:2)
  A bone dragon (Zot:2)
  The ghost of PigKeeper the Tortoise, an adept MiMo of Makhleb (Vaults:3)
  Jorgrun (Swamp:1)
  3 tentacled monstrosities
  A deep elf blademaster (Elf:3)
  4 titans (Vaults:5)
  11 Orb Guardians (Zot:5)
  9 acid blobs
  A quicksilver dragon (Depths:3)
  5 death cobs
  2 tengu reavers (Vaults:5)
  2 rockslimes (Slime:5)
  4 shadow dragons (Zot:2)
  3 storm dragons
  A draconian knight (Zot:2)
  4 azure jellies
  5 frost giants
  A fenstrider witch (Swamp:2)
  A fire giant (Depths:3)
  An emperor scorpion (Spider:3)
  3 vault wardens (Vaults:5)
  2 draconian scorchers
  A draconian shifter (Zot:5)
  7 ironbound preservers
  6 quicksilver oozes
  3 spriggan defenders (Depths:2)
  A broodmother (Zot:5)
  3 stone giants (Vaults:5)
  2 war gargoyles
  A formless jellyfish (Slime:1)
  A deep elf demonologist (Vaults:5)
  4 green draconians
  An eleionoma (Swamp:3)
  A vampire knight (Depths:3)
  5 bunyips
  4 red draconians
  A purple draconian (Zot:5)
  3 black draconians
  3 yellow draconians
  2 white draconians
  A spark wasp (Depths:3)
  5 ettins
  2 great orbs of eyes
  Josephine (Orc:1)
  A deep elf high priest (Vaults:5)
  7 vault guards
  A fire dragon (Depths:3)
  A jorogumo (Spider:4)
  An ogre mage (Vaults:5)
  12 hydras
  4 ice dragons
  A spriggan air mage (Depths:2)
  3 yaktaur captains
  3 boulder beetles
  5 centaur warriors
  5 two-headed ogres
  3 alligators
  6 dancing weapons
  7 death yaks
  3 deep troll shamans (Depths:2)
  A spriggan berserker (Depths:2)
  3 orc high priests
  2 deep troll earth magi
  3 hell knights
  A soul eater (Zot:5)
  A sun moth (Spider:2)
  2 pharaoh ants
  An iron troll (Depths:3)
  2 skysharks (Lair:5)
  A spriggan druid (Swamp:2)
  10 deep trolls
  4 goliath frogs
  4 swamp dragons
  A swamp dragon (shapeshifter) (D:15)
  3 orc knights
  A steelbarb worm (Spider:4)
  3 wizards
  8 ironbound convokers
  A lindwurm (D:14)
  A phantasmal warrior (Vaults:5)
  3 deep elf zephyrmancers
  3 bog bodies
  A steelbarb worm (shapeshifter) (Vaults:5)
  3 large abominations (D:15)
  A necromancer (Depths:2)
  4 wolf spiders
  A deep elf pyromancer (D:14)
  10 ugly things
  3 shining eyes (Slime:5)
  6 moths of wrath
  A cyclops (D:13)
  A frost giant skeleton (Vaults:3)
  A moth of wrath (shapeshifter) (D:14)
  6 vault sentinels
  6 black mambas
  A guardian serpent (Lair:5)
  2 apocalypse crabs (Depths:2)
  A gargoyle (D:13)
  4 eyes of devastation
  An ice statue (IceCv)
  3 cane toads
  2 torpor snails
  5 komodo dragons
  4 yaktaurs
  A freezing wraith (Vaults:5)
  An anaconda simulacrum (IceCv)
  A tengu conjurer (D:12)
  2 trolls
  A meliai (D:13)
  5 tyrant leeches
  5 hornets
  A polar bear (Lair:5)
  3 blink frogs (Lair:5)
  6 tarantellas
  An air elemental (Elf:1)
  5 culicivoras
  9 jumping spiders
  47 slime creatures
  4 wyverns (Lair:5)
  A dire elephant simulacrum (IceCv)
  5 spriggans
  2 water elementals
  A shadow (D:12)
  A vampire (D:11)
  6 wraiths
  A hog (shapeshifter) (Depths:1)
  A human (D:12)
  15 yaks
  2 basilisks (Lair:4)
  5 golden eyes
  A death yak simulacrum (IceCv)
  A redback (shapeshifter) (Vaults:5)
  5 vampire mosquitoes
  10 redbacks
  8 swamp worms
  A harpy simulacrum (IceCv)
  3 wargs
  3 acid dragons
  2 hell hounds (Spider:3)
  2 small abominations (D:15)
  8 water moccasins
  6 swamp drakes
  A floating eye (Lair:4)
  A hydra simulacrum (IceCv)
  21 orc warriors
  An ogre (shapeshifter) (Vaults:5)
  A wolf (shapeshifter) (Depths:3)
  4 ogres
  7 centaurs
  A gnoll sergeant (D:12)
  2 bullfrogs (Lair:4)
  2 necrophages
  5 two-headed ogre simulacra
  An elephant simulacrum (IceCv)
  2 nameless horrors
  4 electric eels
  17 orc priests
  5 orc wizards
  3 troll simulacra (IceCv)
  A polar bear simulacrum (IceCv)
  7 spriggan simulacra
  2 wolf simulacra (IceCv)
  4 white imps (IceCv)
  An ufetubus (IceCv)
  46 orcs
  A quokka (Lair:2)
  A rat (Lair:2)
648 creatures vanquished.

Vanquished Creatures (others)
  the Royal Jelly (Slime:5)
  A dread lich (Vaults:5)
  2 ancient liches
  2 Killer Klowns (Zot:5)
  An electric golem (Zot:5)
  A lich (Zot:1)
  5 Orb Guardians (Zot:5)
  2 titans (Vaults:5)
  A quicksilver dragon (Zot:5)
  A shadow dragon (Zot:5)
  A tengu reaver (Vaults:5)
  A vault warden (Vaults:5)
  A balrug (Zot:1)
  2 frost giants (Vaults:5)
  A draconian stormcaller (Zot:5)
  A stone giant (Vaults:5)
  2 black draconians (Zot:5)
  2 spark wasps (Depths:3)
  An ettin (Vaults:5)
  13 vault guards (Vaults:5)
  An ogre mage (Vaults:5)
  A deep troll earth mage (Vaults:5)
  2 deep elf knights
  3 deep trolls (Vaults:5)
  A swamp dragon (Swamp:4)
  An orc knight (Vaults:5)
  3 moths of wrath (Zot:5)
  An ugly thing (D:13)
  4 yaktaurs (Vaults:5)
  2 bloated husks
  A red devil (Zot:1)
  A water elemental (Depths:3)
  2 acid dragons
  An orc warrior (Vaults:5)
  An orc priest (Vaults:5)
  3 hell rats (Lair:2)
  A river rat (Lair:2)
  A white imp (Vaults:3)
  An orc (Vaults:5)
  4 ball lightnings (Zot:1)
  A butterfly (Swamp:1)
  52 snaplasher vines
130 creatures vanquished.

Grand Total: 2492 creatures vanquished

Notes
Turn   | Place    | Note
-------+----------+-------------------------------------------
     0 | D:1      | Sergey the Merfolk Warper began the quest for the Orb.
     0 | D:1      | Reached XP level 1. HP: 16/16 MP: 3/3
    80 | D:1      | Found a faded altar of an unknown god.
   107 | D:1      | Reached skill level 1 in Stealth
   525 | D:1      | Reached XP level 2. HP: 12/22 MP: 5/5
   777 | D:1      | Learned a level 2 spell: Blink
  1755 | D:1      | Found a faded altar of an unknown god.
  2547 | D:2      | Reached XP level 3. HP: 27/27 MP: 6/6
  2711 | D:2      | Identified the +0 leather armour "Umoroex" {rN++ Str+4
                  | SInv}
  3119 | D:3      | Found Cuolidost's Book Boutique.
  3526 | D:3      | Identified the +0 leather armour "Iduurphu" {Int+5}
  4367 | D:3      | Reached XP level 4. HP: 19/35 MP: 0/7
  4656 | D:3      | Found Juyr's Assorted Antiques.
  4976 | D:3      | Found Voaschafy's Weapon Emporium.
  4981 | D:3      | Bought 6 curare-tipped darts for 72 gold pieces
  5827 | D:4      | Reached XP level 5. HP: 42/42 MP: 8/8
  7431 | D:5      | Entered Level 5 of the Dungeon
  7438 | D:4      | Reached XP level 6. HP: 50/50 MP: 9/9
  7452 | D:5      | Found a blossoming altar of Fedhas.
  7457 | D:5      | Reached skill level 5 in Fighting
  7692 | D:4      | Reached XP level 7. HP: 49/56 MP: 4/10
  7751 | D:4      | Reached skill level 5 in Dodging
  8026 | D:5      | Found a radiant altar of Vehumet.
  8027 | D:5      | Noticed Grinder
  8490 | D:5      | Reached XP level 8. HP: 53/64 MP: 11/11
  8761 | D:3      | Reached skill level 5 in Polearms
  9303 | D:6      | Found a glowing silver altar of Zin.
  9356 | D:6      | Found a staircase to the Ecumenical Temple.
  9365 | Temple   | Entered the Ecumenical Temple
  9563 | Temple   | Became a worshipper of Gozag Ym Sagoz the Greedy
 10090 | D:6      | Found an ornate altar of the Wu Jian Council.
 10213 | D:6      | Found a runed translucent door.
 10214 | D:6      | Noticed Crazy Yiuf
 10340 | D:6      | Reached XP level 9. HP: 72/72 MP: 12/12
 11552 | D:6      | Killed Crazy Yiuf
 11888 | D:7      | Noticed Duvessa
 11913 | D:7      | Noticed Dowan
 11925 | D:7      | Killed Dowan
 11926 | D:7      | Killed Duvessa
 12422 | D:7      | Reached skill level 10 in Fighting
 12568 | D:7      | Noticed Maggie
 12725 | D:7      | Killed Maggie
 13231 | D:7      | Reached XP level 10. HP: 79/85 MP: 10/13
 13591 | D:8      | Reached skill level 10 in Dodging
 13686 | D:3      | Bought the +10 spear of Wailily {holy, Int+2 Dex+6} for 792
                  | gold pieces
 13865 | D:8      | Found a faded altar of an unknown god.
 13865 | D:8      | Found a shadowy altar of Dithmenos.
 13873 | D:8      | Found a bloodstained altar of Trog.
 13876 | D:8      | Found a basalt altar of Yredelemnul.
 13877 | D:8      | Found a faded altar of an unknown god.
 14328 | D:8      | Noticed a cyclops
 14383 | D:8      | Killed a cyclops
 14402 | D:8      | Noticed a purple ugly thing
 14529 | D:8      | Noticed a cyan ugly thing
 14560 | D:8      | Killed a purple ugly thing
 14562 | D:8      | Killed a purple ugly thing
 14935 | D:9      | Noticed a death yak
 14935 | D:9      | Noticed a death yak
 14935 | D:9      | Found a staircase to the Lair.
 15010 | D:9      | Noticed a two-headed ogre
 15029 | D:9      | Killed a two-headed ogre
 15258 | D:9      | Found a hazy altar of Hepliaklqana.
 15491 | D:9      | Noticed a centaur warrior
 15768 | D:9      | Killed a centaur warrior
 15769 | D:9      | Reached XP level 11. HP: 62/95 MP: 14/14
 15886 | D:9      | Noticed a death yak
 15886 | D:9      | Noticed a death yak
 15941 | D:9      | Noticed a death yak
 16145 | D:8      | Killed a death yak
 16454 | D:8      | Killed a death yak
 16833 | D:8      | Killed a death yak
 17144 | D:9      | Found a staircase to the Orcish Mines.
 17838 | D:10     | Entered Level 10 of the Dungeon
 18198 | D:10     | Noticed Grum
 18213 | D:10     | Reached skill level 10 in Polearms
 18224 | D:10     | Killed Grum
 18282 | D:10     | Noticed a manticore
 18285 | D:10     | Noticed a two-headed ogre
 18490 | D:10     | Found a white marble altar of Elyvilon.
 18539 | D:10     | Reached XP level 12. HP: 75/102 MP: 15/15
 18878 | D:10     | Reached skill level 15 in Dodging
 18878 | D:10     | Reached skill level 1 in Armour
 19317 | D:10     | Learned a level 3 spell: Call Canine Familiar
 19491 | Lair:1   | Entered Level 1 of the Lair of Beasts
 19682 | Lair:1   | Reached skill level 1 in Summonings
 19914 | Lair:1   | Noticed a death yak
 19957 | Lair:1   | Killed a death yak
 19958 | Lair:1   | Reached skill level 2 in Summonings
 20039 | Lair:1   | Reached skill level 3 in Summonings
 20155 | Lair:1   | Noticed a death yak
 20157 | Lair:1   | Noticed a death yak
 20158 | Lair:1   | Noticed a death yak
 20179 | Lair:1   | Noticed a death yak
 20186 | Lair:1   | Killed a death yak
 20207 | Lair:1   | Killed a death yak
 20224 | Lair:1   | Killed a death yak
 20225 | Lair:1   | Reached skill level 4 in Summonings
 20418 | Lair:1   | Killed a death yak
 20594 | Lair:1   | Reached skill level 5 in Armour
 21215 | Lair:2   | Noticed a four-headed hydra
 21224 | Lair:2   | Reached skill level 5 in Summonings
 21229 | Lair:2   | Killed a four-headed hydra
 21389 | Lair:2   | Reached skill level 6 in Summonings
 21473 | Lair:2   | Reached skill level 7 in Summonings
 21704 | Lair:2   | Reached XP level 13. HP: 72/108 MP: 11/16
 21793 | Lair:2   | Reached skill level 8 in Summonings
 22511 | Lair:2   | Reached skill level 9 in Summonings
 23479 | Lair:2   | Reached skill level 10 in Summonings
 23830 | Lair:3   | Found a hole to the Spider Nest.
 24422 | D:3      | Bought a book of the Wilderness for 456 gold pieces
 24428 | D:3      | Learned a level 5 spell: Summon Forest
 24435 | D:3      | Learned a level 6 spell: Summon Cactus Giant
 24784 | Lair:4   | Found a staircase to the Slime Pits.
 24785 | Lair:4   | Found a viscous altar of Jiyva.
 24801 | Lair:4   | Paralysed by a floating eye for 4 turns
 24826 | Lair:4   | Reached skill level 11 in Summonings
 25004 | Lair:4   | Noticed Nessos
 25005 | Lair:4   | Nessos changed into Nessos the glowing orange brain
 25005 | Lair:4   | Noticed Nessos
 25013 | Lair:4   | Killed Nessos the glowing orange brain
 25639 | Lair:5   | Entered Level 5 of the Lair of Beasts
 26018 | Lair:4   | Reached XP level 14. HP: 87/115 MP: 8/20
 26370 | Lair:4   | Reached skill level 5 in Translocations
 26601 | Lair:5   | Reached skill level 5 in Spellcasting
 26770 | Lair:5   | Reached skill level 12 in Summonings
 27680 | Lair:5   | Reached skill level 13 in Summonings
 28989 | D:5      | Paralysed by Grinder for 2 turns
 28996 | D:5      | Killed Grinder
 29346 | D:11     | Found a frozen archway.
 29401 | IceCv    | Entered an ice cave
 29454 | IceCv    | Reached skill level 14 in Summonings
 30033 | IceCv    | Reached skill level 1 in Shields
 30200 | IceCv    | Identified the staff of cold "Sown" {rPois rF- rC+ Int+3}
 31192 | D:11     | Reached XP level 15. HP: 122/122 MP: 24/24
 31723 | Lair:3   | Bought a +2 leather armour of willpower for 323 gold pieces
 31815 | Orc:1    | Entered Level 1 of the Orcish Mines
 31815 | Orc:1    | Found a bloodstained altar of Trog.
 32230 | Orc:1    | Noticed Josephine
 32238 | Orc:1    | Killed Josephine
 32570 | Orc:2    | Entered Level 2 of the Orcish Mines
 32884 | Orc:2    | Found a staircase to the Elven Halls.
 33079 | Orc:2    | Reached skill level 5 in Shields
 34420 | Orc:2    | Found Ylomar Huph's Magic Scroll Emporium.
 34421 | Orc:2    | Found Geugg's Armour Shoppe.
 34421 | Orc:2    | Found Suikheer's Magic Scroll Emporium.
 34422 | Orc:2    | Found Cytush's Antique Weapon Emporium.
 34431 | Orc:2    | Bought a scroll of fog for 68 gold pieces
 34431 | Orc:2    | Bought a scroll of teleportation for 51 gold pieces
 34431 | Orc:2    | Bought a scroll of identify for 34 gold pieces
 34601 | Orc:2    | Bought the +3 pair of gauntlets of War {Slay+5} for 522
                  | gold pieces
 34601 | Orc:2    | Found the +3 pair of gauntlets of War {Slay+5}
 34614 | Orc:2    | Bought a notched agate ring for 140 gold pieces
 35510 | D:12     | Noticed Anon1729's ghost (journeyman MiMo)
 35554 | D:12     | Found an iron altar of Okawaru.
 35927 | D:12     | Found a runed translucent gate.
 35928 | D:12     | Found a runed translucent gate.
 35929 | D:12     | Found a runed translucent gate.
 36296 | D:12     | Killed Anon1729's ghost
 36472 | D:12     | Identified the +1 pair of boots "Pyrixzij" {*Slow Int+2
                  | Slay+2}
 37157 | D:13     | Identified a scroll of acquirement
 37158 | D:13     | Acquired 971 gold pieces
 37791 | D:14     | Reached XP level 16. HP: 134/134 MP: 18/27
 38134 | D:14     | Reached skill level 15 in Fighting
 38469 | D:14     | Found a gate to the Vaults.
 38474 | D:14     | Identified the +7 orcbow of Lophuqua {flame, rC+ Int+3}
 39182 | D:15     | Entered Level 15 of the Dungeon
 40233 | Lair:3   | Found a staircase to the Swamp.
 40244 | Swamp:1  | Entered Level 1 of the Swamp
 40397 | Swamp:1  | Noticed Jorgrun
 40416 | Swamp:1  | Killed Jorgrun
 40417 | Swamp:1  | Reached skill level 10 in Evocations
 40758 | Swamp:1  | Found a glowing golden altar of the Shining One.
 41819 | D:9      | Bought a pair of jewelled boots for 370 gold pieces
 41819 | D:9      | Identified the +1 pair of boots of Makhleb's Displeasure
                  | {rElec Dex+4 SInv} (You bought it in a shop on level 9 of
                  | the Dungeon)
 42377 | Swamp:2  | Reached XP level 17. HP: 142/142 MP: 23/29
 43438 | D:15     | Reached skill level 10 in Shields
 43504 | D:15     | Identified the ring "Daploek" {rCorr Str+3 Slay+4}
 43547 | D:15     | Found a staircase to the Depths.
 44229 | D:9      | Bought a pair of dazzling gloves for 370 gold pieces
 44229 | D:9      | Identified the +2 pair of gloves of Good Intentions
                  | {*Corrode Will+ Int+2 Stlth+} (You bought it in a shop on
                  | level 9 of the Dungeon)
 45230 | Swamp:3  | Identified the +4 scale mail "Umaum" {rCorr Str-3 Int+2
                  | Dex+3}
 45308 | Swamp:4  | Entered Level 4 of the Swamp
 45308 | Swamp:4  | Noticed Donald
 45565 | Swamp:4  | Donald changed into Donald the emperor scorpion
 45565 | Swamp:4  | Noticed Donald
 45579 | Swamp:4  | Killed Donald the emperor scorpion
 45824 | Swamp:4  | Noticed Mara
 45877 | Swamp:4  | Killed Mara
 46572 | Swamp:4  | Reached skill level 1 in Long Blades
 46602 | Swamp:4  | Noticed the 27-headed Lernaean hydra
 46614 | Swamp:4  | Killed the 27-headed Lernaean hydra
 46799 | Swamp:4  | Reached skill level 5 in Long Blades
 47305 | Swamp:4  | Reached XP level 18. HP: 147/155 MP: 14/30
 47620 | Swamp:4  | Got a decaying rune of Zot
 48008 | Vaults:1 | Entered Level 1 of the Vaults
 48338 | Vaults:1 | Noticed a lich
 48345 | Vaults:1 | Killed a lich
 48908 | Vaults:1 | Reached skill level 10 in Long Blades
 48989 | Vaults:1 | Found Yssir's Jewellery Shoppe.
 49628 | Spider:1 | Entered Level 1 of the Spider Nest
 50101 | Spider:1 | You fall into a shaft and drop 1 floor!
 50101 | Spider:2 | Noticed Arachne
 50124 | Spider:2 | Killed Arachne
 51582 | Spider:1 | Reached XP level 19. HP: 156/163 MP: 31/31
 52586 | Spider:3 | Noticed Azrael
 52611 | Spider:3 | Killed Azrael
 53411 | Spider:4 | Entered Level 4 of the Spider Nest
 54912 | Spider:4 | Got a gossamer rune of Zot
 55327 | Elf:1    | Entered Level 1 of the Elven Halls
 55648 | Elf:1    | Reached XP level 20. HP: 120/166 MP: 13/32
 56011 | Elf:1    | Paralysed by an air elemental for 1 turns
 56202 | Elf:1    | Found Kupeu's Jewellery Shoppe.
 56438 | Elf:1    | Got the Grimoire of Battle Magic
 56903 | Elf:2    | Paralysed by an air elemental for 1 turns
 56909 | Elf:2    | Paralysed by an air elemental for 1 turns
 57061 | Elf:2    | Found a runed translucent gate.
 57062 | Elf:2    | Found a runed translucent gate.
 57062 | Elf:2    | Found a runed translucent gate.
 57163 | Elf:3    | Entered Level 3 of the Elven Halls
 57393 | Elf:3    | Learned a level 5 spell: Summon Mana Viper
 57437 | Elf:3    | Noticed a Brimstone Fiend
 57731 | Elf:3    | Reached skill level 1 in Hexes
 58055 | Elf:3    | Identified the +4 whip of Dismay {flame, Will- Str-5 Int+7
                  | Dex+3}
 58599 | Elf:3    | Identified the ring of the Devil's Team {rN+ Int+3 Slay+4}
 58600 | Elf:3    | Identified the ring "Kisazupp" {Ice rCorr Str+7 Dex-2
                  | Stlth+}
 59092 | Elf:3    | Identified the +5 rapier "Syemn" {freeze, rC+++ MP+9}
 59207 | Elf:3    | Identified the +8 war axe "Exier" {venom, Fly rElec rF+
                  | rCorr}
 59209 | Elf:3    | Got the Parchment of Breccia and Wounds
 59214 | Elf:3    | Identified the staff of air "Waeblej" {rElec Int+2}
 59260 | Elf:3    | Identified the ring of Cynicism {rCorr Int+3}
 59301 | Elf:3    | Identified the staff of earth "Zaish" {rF+ SInv}
 59716 | Vaults:1 | Reached XP level 21. HP: 175/183 MP: 19/33
 59744 | Vaults:1 | Reached skill level 15 in Summonings
 60565 | Vaults:1 | Reached skill level 1 in Short Blades
 61110 | Vaults:2 | Reached skill level 16 in Summonings
 61252 | Vaults:2 | Identified the +1 ring mail of the Shining Light {Str+4
                  | Int+2 Dex-5}
 61836 | Vaults:2 | Found Nuhade's Weapon Emporium.
 62026 | Vaults:2 | Reached skill level 17 in Summonings
 62455 | Vaults:3 | Noticed Bai Suzhen
 62595 | Vaults:2 | Killed Bai Suzhen
 62693 | Vaults:2 | Reached skill level 5 in Short Blades
 62790 | Vaults:3 | Found Tupsac's Jewellery Shop.
 62936 | Vaults:3 | Found a staircase to the Crypt.
 63436 | Vaults:3 | Found a runed translucent gate.
 63436 | Vaults:3 | Found a runed translucent gate.
 63437 | Vaults:3 | Found a runed translucent gate.
 63437 | Vaults:3 | Noticed PigKeeper's ghost (adept MiMo)
 63628 | Vaults:3 | Noticed a dread lich
 63644 | Vaults:3 | Killed a dread lich
 63645 | Vaults:3 | Reached XP level 22. HP: 185/190 MP: 29/34
 63657 | Vaults:3 | Reached skill level 18 in Summonings
 64342 | Vaults:3 | Killed PigKeeper's ghost
 64747 | Orc:2    | Bought a scroll of teleportation for 84 gold pieces
 64747 | Orc:2    | Bought a scroll of teleportation for 84 gold pieces
 64747 | Orc:2    | Bought a scroll of teleportation for 84 gold pieces
 64749 | Orc:2    | Bought a scroll of enchant weapon for 127 gold pieces
 64751 | Orc:2    | Bought a scroll of enchant weapon for 90 gold pieces
 64754 | Orc:2    | Bought a wand of charming (7) for 218 gold pieces
 66276 | Depths:1 | Entered Level 1 of the Depths
 66317 | Depths:1 | Noticed a golden dragon
 66330 | Depths:1 | Killed a golden dragon
 66342 | Depths:1 | Reached skill level 10 in Short Blades
 66433 | Depths:1 | Noticed a juggernaut
 66456 | Depths:1 | Killed a juggernaut
 66544 | Depths:1 | Reached skill level 19 in Summonings
 66635 | Depths:1 | Noticed a caustic shrike
 66656 | Depths:1 | Killed a caustic shrike
 67139 | Depths:1 | Reached skill level 20 in Summonings
 67164 | Depths:1 | Found a gateway to Hell.
 67665 | Depths:1 | Identified the +10 whip of Salt {heavy, rN+ Str+3}
 67674 | Depths:1 | Learned a level 7 spell: Summon Hydra
 67866 | Depths:1 | Reached XP level 23. HP: 196/196 MP: 21/35
 68155 | Depths:2 | Noticed Nikola
 68172 | Depths:2 | Killed Nikola
 68515 | Depths:2 | Found a corrupted altar of Lugonu.
 68515 | Depths:2 | Found a one-way gate to the infinite horrors of the Abyss.
 68934 | Depths:2 | Paralysed by you for 4 turns
 68948 | Depths:2 | Reached skill level 21 in Summonings
 69139 | Depths:2 | Paralysed by you for 4 turns
 69644 | Depths:2 | Noticed the Enchantress
 69665 | Depths:2 | Killed the Enchantress
 69989 | Depths:2 | Found a one-way gate leading to the halls of Pandemonium.
 70135 | Depths:3 | Reached skill level 22 in Summonings
 70145 | Depths:3 | Learned a level 9 spell: Dragon's Call
 70318 | Depths:3 | Identified the +2 scale mail of the Spheres {-Tele Fly
                  | rElec rF++ Slay+5}
 70324 | Depths:3 | Noticed a golden dragon
 70416 | Depths:3 | Noticed a golden dragon
 70651 | Depths:3 | Acquired the ring of Emozuuv {rElec AC+4 SInv}
 70661 | Depths:3 | Got the Octavo of Arcane Combat
 71005 | Depths:3 | Killed a golden dragon
 71168 | Depths:3 | Noticed a golden dragon
 71276 | Depths:2 | Reached XP level 24. HP: 94/204 MP: 35/36
 71653 | Depths:2 | Reached skill level 23 in Summonings
 71959 | Depths:3 | Identified the amulet "Raefag" {Spirit rC+}
 71992 | Depths:3 | Reached skill level 10 in Spellcasting
 72925 | Depths:4 | Entered Level 4 of the Depths
 72928 | Depths:4 | Bought the -2 hat of the Alchemist {rElec rPois rF+ rC+ rN+
                  | Will+ rMut rCorr} for 802 gold pieces
 72928 | Depths:4 | Bought a scroll of acquirement for 884 gold pieces
 72928 | Depths:4 | Bought a scroll of blinking for 127 gold pieces
 72928 | Depths:4 | Found the -2 hat of the Alchemist {rElec rPois rF+ rC+ rN+
                  | Will+ rMut rCorr}
 72954 | Depths:4 | Acquired 805 gold pieces
 73314 | D:9      | Bought a warped robe for 222 gold pieces
 73314 | D:9      | Identified the +0 robe of Idiexaim {rPois Dex-2 Stlth+}
                  | (You bought it in a shop on level 9 of the Dungeon)
 73317 | D:9      | Bought the amulet of Poschiu {Acrobat Will+ Regen+} for 681
                  | gold pieces
 73604 | Vaults:1 | Bought the ring of Uxkulewe {rF+ Dex+4} for 848 gold pieces
 74039 | Depths:4 | Found a stormy altar of Qazlal.
 74433 | Depths:4 | Noticed a caustic shrike
 74437 | Depths:4 | Noticed a caustic shrike
 74439 | Depths:4 | Noticed a caustic shrike
 74441 | Depths:4 | Noticed a caustic shrike
 74451 | Depths:4 | Killed a caustic shrike
 74464 | Depths:4 | Killed a caustic shrike
 74479 | Depths:4 | Killed a caustic shrike
 74500 | Depths:4 | Killed a caustic shrike
 74842 | Depths:4 | Found a gate to the Realm of Zot.
 74983 | Depths:4 | Reached skill level 24 in Summonings
 75124 | Depths:4 | Found a one-way gateway to a ziggurat.
 75562 | Vaults:4 | You fall into a shaft and drop 1 floor!
 75562 | Vaults:5 | Entered Level 5 of the Vaults
 75563 | Vaults:5 | Noticed an ancient lich
 75573 | Vaults:5 | Killed an ancient lich
 75612 | Vaults:5 | Noticed Boris
 75615 | Vaults:5 | Noticed a dread lich
 75641 | Vaults:5 | Noticed Saint Roka
 75680 | Vaults:5 | Identified the ring of Yfuoxu {+Blink rPois rF+ rC+ rN+}
 75687 | Vaults:5 | Killed Saint Roka
 75698 | Vaults:5 | Killed Boris
 75699 | Vaults:5 | Reached XP level 25. HP: 162/210 MP: 8/38
 75727 | Vaults:5 | Identified the +6 battleaxe of Meeczameig {heavy, Str+2}
 75772 | Vaults:5 | Identified the ring of the Impish Eggfruit {rElec rPois rF+
                  | Will- Str+2}
 76000 | Vaults:5 | Identified the +2 chain mail of Virtue {Drain rF+ rCorr
                  | Int+6}
 76030 | Vaults:5 | Noticed an ancient lich
 76038 | Vaults:5 | Noticed Xtahua
 76043 | Vaults:5 | Found Sovojon's Antique Armour Shop.
 76062 | Vaults:5 | Killed an ancient lich
 76065 | Vaults:5 | Killed Xtahua
 76239 | Vaults:5 | Identified the ring "Hehethel" {Wiz Dex+5}
 76252 | Vaults:5 | Identified the staff of conjuration "Lugur" {rF+}
 76260 | Vaults:5 | Got the Guidebook on Lava
 76264 | Vaults:5 | Got the Tome of Wounds
 76921 | Vaults:5 | Identified the +0 quarterstaff of the Painted God {flame,
                  | Str+5 Dex+3}
 77077 | Vaults:5 | Got a silver rune of Zot
 77444 | Slime:1  | Entered Level 1 of the Pits of Slime
 78306 | Slime:3  | Reached skill level 5 in Stealth
 78333 | Slime:3  | Reached skill level 25 in Summonings
 79055 | Slime:5  | Entered Level 5 of the Pits of Slime
 79221 | Slime:4  | Learned a level 2 spell: Wereblood
 79333 | Slime:4  | Reached skill level 1 in Transmutations
 79394 | Slime:5  | Noticed the Royal Jelly
 79540 | Slime:5  | Your ally Royal Jelly died
 79849 | Slime:5  | Reached skill level 5 in Transmutations
 79868 | Slime:5  | Reached XP level 26. HP: 192/218 MP: 4/39
 80149 | Slime:5  | Got the Compilation of Foul Sciomancy
 80165 | Slime:5  | Identified the +8 broad axe "Ycumpes" {speed, *Noise rElec
                  | rPois Int+4 Stlth+}
 80170 | Slime:5  | Got a slimy rune of Zot
 80186 | Slime:5  | Identified the +2 rapier of Disaster {flame, Stlth+}
 80189 | Slime:5  | Identified the +4 orcbow of Nimar {heavy, Str+3}
 80199 | Slime:5  | Got the Encyclopedia of Chilling Contamination
 80201 | Slime:5  | Identified the +3 arbalest "Sikujun" {antimagic, rF- rN++
                  | Int+3 Stlth+}
 80226 | Slime:5  | Identified the +5 great mace of Ashenzari, Transmuting
                  | {freeze, rN+ Stlth+}
 81015 | Zot:1    | Entered Level 1 of the Realm of Zot
 81361 | Zot:2    | Reached skill level 10 in Armour
 83527 | Zot:5    | Entered Level 5 of the Realm of Zot
 83572 | Zot:5    | Reached skill level 10 in Stealth
 83815 | Zot:5    | Found Menyum's Last-Chance Deals.
 84351 | Zot:5    | Noticed an ancient lich
 84405 | Zot:5    | Noticed a Killer Klown
 84410 | Zot:5    | Noticed a dread lich
 84412 | Zot:5    | Noticed an orb of fire
 84434 | Zot:5    | Killed a dread lich
 84479 | Zot:5    | Killed a Killer Klown
 84512 | Zot:5    | Noticed a Killer Klown
 84526 | Zot:5    | Noticed a Killer Klown
 84641 | Zot:5    | Noticed an orb of fire
 84652 | Zot:5    | Noticed an orb of fire
 84652 | Zot:5    | Noticed an ancient lich
 84653 | Zot:5    | Noticed a Killer Klown
 84659 | Zot:5    | Killed a Killer Klown
 84660 | Zot:5    | Reached XP level 27. HP: 225/228 MP: 39/39
 84675 | Zot:5    | Noticed an ancient lich
 84676 | Zot:5    | Killed an ancient lich
 84771 | Zot:5    | Killed an orb of fire
 84925 | Zot:5    | Got the Orb of Zot
 85113 | Zot:1    | Noticed Detwoum the pandemonium lord
 85126 | Zot:1    | Killed Detwoum the pandemonium lord
 85395 | D:14     | Noticed Sohoi the pandemonium lord
 85641 | D:$      | Escaped with the Orb!

Illustrated notes

Levels and vault maps discovered:
D:1:      amcnicky_arrival_single_pillar, layout_basic, basic_ecumenical_altar
D:2:      layout_basic, minmay_misc_feat_more_columns, minmay_gold_behind_fungi
D:3:      minmay_bubble_buster, layout_rooms, serial_shops, shop,
          nicolae_shop_statue_plus, nicolae_shop_statue_plus
D:4:      minmay_angry_zag, layout_loops_ring
D:5:      layout_rooms, lemuel_crystal_altar, nicolae_overflow_hidden_temple,
          st_stairs_3, uniq_grinder
D:6:      layout_cave_pools, mainiacjoe_overflow_concentric_impassable,
          nicolae_wu_jian_wuxing_cycle, minmay_temple_entry_slanted,
          serial_gnoll_camp, gnoll_camp_mini_hut, gnoll_camp_medium_02,
          gnoll_camp_mini_basic, gnoll_camp_huts_basic, uniq_crazy_yiuf_cottage
D:7:      layout_rooms, serial_curves, eino_curves_04, eino_curves_03,
          minmay_misc_feat_room, minmay_manual_monstrance, uniq_maggie,
          uniq_duvessa
D:8:      minmay_slanted_spiral_squares, layout_rooms,
          chequers_temple_overflow_minitemple, kennysheep_generic_room_7
D:9:      layout_stronghold, nicolae_hepliaklqana_hazy_memory,
          dpeg_lair_monsters, orc_0_dummy, minmay_checkerbox
D:10:     layout_rooms, lemuel_doored_altar, minmay_joined_circles, uniq_grum
D:11:     layout_basic, portal_ice_cave_entry_ice_simulacra
D:12:     layout_basic, gammafunk_ghost_split, okawaru_humans
D:13:     layout_gridville
D:14:     layout_grid_maze, david_vaults_4, minivault_23, kennysheep_boxes
D:15:     grunt_enter_depths_hoard, layout_stronghold,
          nicolae_figureground_sparkle, laboratory
Temple:   nicolae_temple_figure_eight
Lair:1:   layout_layer_cave, hangedman_lair_unloving_vines
Lair:2:   lemuel_ratsnest, layout_cave_pods, serial_bayou_shore_b
Lair:3:   layout_regular_city, palyth_hydra_swamp_entry,
          nicolae_spider_entry_orb_guardian, disabler_island
Lair:4:   layout_hall_layers, minmay_slime_entry_eyes, uniq_nessos
Lair:5:   hangedman_lair_tendril_chambers, layout_cave_pods, uniq_sonja
Swamp:1:  layout_basic_swamp, nicolae_swamp_godswood, swamp_pool1,
          nicolae_swamp_frolicking_bunyips, infiniplex_staircase_pool_2,
          uniq_jorgrun
Swamp:2:  layout_basic_swamp, nicolae_swamp_tree_isthmus
Swamp:3:  layout_falls_marsh, nicolae_swamp_treefoil
Swamp:4:  swamp_old_school, layout_basic_swamp, hangedman_swamp_lotus,
          swamp_pool1, uniq_donald, uniq_mara
Spider:1: layout_spider_delve, nicolae_spider_shape
Spider:2: layout_spider_delve, nicolae_spider_swamp_cousins, uniq_arachne
Spider:3: layout_spider_delve, hangedman_spider_tarantella_strand, uniq_azrael
Spider:4: grunt_spider_rune_circles
Slime:1:  layout_caves
Slime:2:  layout_caves
Slime:3:  layout_caves
Slime:4:  layout_caves
Slime:5
Orc:1:    layout_caves, basic_altar, uniq_josephine
Orc:2:    st_orc_pillars, layout_diamond_mine
Elf:1:    eino_elf_arrival_the_gate, layout_loops_cross, serial_shops, shop,
          minmay_elf_annihilation
Elf:2:    nicolae_elf_blades_crystal_corner, layout_geoelf_grid
Elf:3:    grunt_elf_hall_diamonds, layout_geoelf_octagon
Vaults:1: vaults_standard_mumra_lines, dpeg_vaults_monster_row,
          st_smaller_cells, nicolae_vaults_tetromino_T_2,
          ontoclasm_vaults_gateway, nicolae_vaults_tetromino_Z_1,
          hangedman_vaults_corner_blocks, vaults_dpeg_diagonal,
          grunt_vaults_twisty, nicolae_vaults_offset_grid_hallway_2,
          layout_vaults_omnicross, serial_shops,
          nicolae_shop_temple_entry_statues_fountains
Vaults:2: nicolae_vaults_house_1, ontoclasm_vaults_decontamination,
          nicolae_vaults_double_plus_1, nicolae_vaults_closet_pinwheel_5,
          v_misc_25, vaults_room_door_ring, nicolae_vaults_mini_display_case,
          ontoclasm_vaults_chip, v_pattern_1, hangedman_vaults_nails,
          dpeg_vaults_monster_box, nicolae_vaults_two_Ls,
          layout_vaults_omnigrid, serial_shops, nicolae_shop_mannequins
Vaults:3: gammafunk_ghost_spectres, nicolae_vaults_shipping_containers_6,
          hangedman_vaults_stagger, nicolae_vaults_windows_and_doors_thing,
          v_misc_22, nicolae_vaults_big_angled_halls,
          nicolae_vaults_oval_intersection, serial_ice_m,
          nicolae_vaults_steering_wheel, nicolae_vaults_little_squares_6,
          nicolae_vaults_surprise_closet, blue_anna_dwarven_crypt,
          nicolae_vaults_more_shelving_2, layout_vaults_big_room, serial_shops,
          nicolae_shop_pleasant_corner_grove, uniq_bai_suzhen
Vaults:4: ontoclasm_vaults_pinch, nicolae_vaults_frosty_reception,
          ontoclasm_vaults_spin, nicolae_vaults_disjoint_gnomons,
          v_alt_pattern_2, v_rooms_4, ontoclasm_vaults_ring_small,
          nicolae_vaults_surprise_closet, vaults_room_pools,
          hangedman_vaults_corner_blocks, nicolae_vaults_security_offices_2,
          layout_vaults_maze_snakey
Vaults:5: uniq_saint_roka, uniq_xtahua, uniq_boris
Depths:1: minmay_four_inscribed_fans, layout_honeycomb, hell_entry,
          minmay_misc_feat_plants, kennysheep_generic_room_8
Depths:2: gammafunk_mikee_crab_dinner, layout_gridville, rand_demon_pan_entry_9,
          abyss_entry_flame_altar, grunt_hell_entry_dis_grunt,
          minmay_mirror_moons_of_madness, minmay_staircase_statues_hall_small,
          uniq_enchantress, uniq_nikola
Depths:3: minmay_the_grid_square_5x5_5x5_mashed
          [minmay_the_grid_square_5x5_fat_x, minmay_the_grid_square_5x5_z,
          minmay_the_grid_square_5x5_n_small,
          minmay_the_grid_square_5x5_two_walls_b,
          minmay_the_grid_square_5x5_trominoes,
          minmay_the_grid_square_5x5_intrusive_squares,
          minmay_the_grid_square_5x5_prize_rear_guard,
          minmay_the_grid_square_5x5_longway,
          minmay_the_grid_square_5x5_prize_open,
          minmay_the_grid_square_5x5_bracketed, minmay_the_grid_square_5x5_comb,
          minmay_the_grid_square_5x5_lines,
          minmay_the_grid_square_5x5_prize_gold, minmay_the_grid_square_5x5_v,
          minmay_the_grid_square_5x5_forky,
          minmay_the_grid_square_5x5_beaten_path,
          minmay_the_grid_square_5x5_prize_monsterx,
          minmay_the_grid_square_5x5_tie,
          minmay_the_grid_square_5x5_prize_pseudospiral,
          minmay_the_grid_square_5x5_moneybag,
          minmay_the_grid_square_5x5_checkered,
          minmay_the_grid_square_5x5_eight_small,
          minmay_the_grid_square_5x5_shrine1,
          minmay_the_grid_square_5x5_tetrominoes,
          minmay_the_grid_square_5x5_doubleslash], layout_cave_pools,
          lightli_too_deep, abyss_entry, serial_bayou, serial_bayou_shore_b,
          serial_bayou_pond_d, serial_bayou_shore_b, serial_bayou_pond_d,
          serial_bayou_lagoon_a, serial_bayou_pond_d, minmay_misc_feat_ornament,
          lemuel_freeze_loot_1, uniq_margery
Depths:4: grunt_zot_entry_bicorn, layout_gridlike, enter_ziggurat_e,
          hangedman_decor_push, hell_entry, pan_entry,
          nicolae_qazlal_general_emergency
Zot:1:    layout_onion_interference, grunt_megastairs_4
Zot:2:    layout_cathedral_of_symmetry
Zot:3:    ebering_greatest_show_in_zot, layout_basic
Zot:4:    layout_basic, door_vault
Zot:5:    layout_gridlike, hellmonk_bargain_basement

Skill      XL: |  1  2  3  4  5  6  7  8  9 10 11 12 13 14 15 16 17 18 19 20 21 22 23 24 25 26 27 |
---------------+----------------------------------------------------------------------------------+-----
Stealth        | 1 3 7 10 | 10.0
Fighting       | 3 4 5 6 7 10 12 14 15 17 20 21 | 21.2
Throwing       | 2 3 4 |  4.0
Polearms       | 3 4 6 8 10 | 10.0
Dodging        | 4 6 8 9 12 14 15 16 18 20 24 | 24.8
Translocations | 3 4 6 |  6.0
Evocations     | 6 8 12 13 | 13.0
Armour         | 5 7 9 11 | 11.0
Summonings     | 7 11 14 17 20 22 24 25 | 25.6
Spellcasting   | 4 6 7 8 9 11 12 | 12.0
Shields        | 2 6 8 10 11 | 11.0
Long Blades    | 6 14 | 14.0
Hexes          | 3 |  3.7
Short Blades   | 7 11 | 11.0
Transmutations | 5 8 |  8.0

Action                     |  1- 3 |  4- 6 |  7- 9 | 10-12 | 13-15 | 16-18 | 19-21 | 22-24 | 25-27 || total
---------------------------+-------+-------+-------+-------+-------+-------+-------+-------+-------++-------
  Melee: Spear             |   152 |   155 |   515 |   761 |  1281 |   743 |       |       |       ||  3607
         Punch             |       |     1 |     6 |    12 |    12 |       |       |       |       ||    31
         Staff             |       |     1 |       |       |       |       |       |       |       ||     1
         Tailslap          |       |       |     4 |    14 |    15 |    52 |    23 |    17 |    17 ||   142
         Demon blade       |       |       |       |       |       |   489 |  1219 |    98 |     4 ||  1810
         Quick blade       |       |       |       |       |       |       |   712 |  3406 |  2040 ||  6158
  Throw: Dart              |    14 |    37 |   123 |    88 |    34 |    16 |       |       |       ||   312
         Boomerang         |     9 |     6 |    25 |     2 |     1 |       |     3 |     3 |     2 ||    51
         Stone             |       |     7 |       |       |       |       |       |       |       ||     7
         Throwing net      |       |       |       |     1 |     1 |     6 |     3 |       |       ||    11
   Cast: Blink             |     3 |     5 |     6 |     9 |    11 |     6 |     5 |     3 |     2 ||    50
         Call Canine Famil |       |       |       |     6 |    25 |    10 |     1 |       |       ||    42
         Summon Forest     |       |       |       |       |    72 |    86 |    29 |    15 |     1 ||   203
         Summon Cactus Gia |       |       |       |       |    90 |    82 |    44 |    18 |     4 ||   238
         Summon Mana Viper |       |       |       |       |       |       |     5 |     6 |     1 ||    12
         Summon Hydra      |       |       |       |       |       |       |       |    38 |       ||    38
         Dragon's Call     |       |       |       |       |       |       |       |     1 |    20 ||    21
 Invoke: Call Merchant     |       |       |       |       |     3 |     1 |       |     3 |       ||     7
         Bribe Branch      |       |       |       |       |       |       |       |     1 |     3 ||     4
  Evoke: Wand              |       |       |    16 |    11 |    32 |    19 |     8 |     3 |     2 ||    91
         Lightning rod     |       |       |       |       |       |       |     5 |    18 |       ||    23
         Phial of floods   |       |       |       |       |       |       |     1 |       |     1 ||     2
         Tin of tremorston |       |       |       |       |       |       |       |       |     2 ||     2
    Use: Scroll            |     2 |     7 |     5 |    10 |    14 |    16 |     4 |    16 |    13 ||    87
         Potion            |     2 |       |       |       |     2 |     5 |     1 |     6 |     6 ||    22
   Stab: Sleeping          |     5 |     2 |     6 |     4 |     4 |    12 |    10 |    14 |     8 ||    65
         Distracted        |       |       |     1 |     5 |    30 |    28 |    21 |    20 |    29 ||   134
         Held in net/web   |       |       |       |       |     1 |     1 |     6 |       |       ||     8
         Confused          |       |       |       |       |       |     1 |       |       |       ||     1
 Armour: Leather armour    |    32 |    39 |    96 |    62 |   147 |   123 |    49 |       |       ||   548
         Ring mail         |       |       |       |       |       |    91 |   106 |       |       ||   197
         Robe              |       |       |       |       |       |       |    48 |   157 |       ||   205
         Steam dragon scal |       |       |       |       |       |       |       |    45 |   110 ||   155
         Skin              |       |       |       |       |       |       |       |       |     8 ||     8
  Dodge: Dodged            |    65 |    68 |   306 |   358 |   707 |   933 |  1185 |  1317 |   786 ||  5725
  Block: Other             |       |       |       |    69 |       |       |       |       |       ||    69
         Buckler           |       |       |       |       |    61 |   344 |   432 |   367 |   247 ||  1451

Table legend: (Time is in decaauts)
 A = Elapsed time spent in this place.
 B = Non-inter-level travel time spent in this place.
 C = Inter-level travel time spent in this place.
 D = Time resting spent in this place.
 E = Time spent auto-exploring this place.
 F = Levels seen in this place.
 G = Mean time per level.
                   A        B        C        D        E       F      G
               +--------+--------+--------+--------+--------+-----+--------+
         Total |  81839 |  71577 |  10262 |   8821 |  43597 |  54 | 1515.5 |
       Dungeon |  28851 |  23767 |   5084 |   4763 |  11396 |  15 | 1923.4 |
        Temple |    208 |    190 |     18 |      0 |    188 |   1 |  208.0 |
          Lair |  10564 |   8795 |   1769 |    458 |   6354 |   5 | 2112.8 |
         Swamp |   5364 |   5007 |    357 |    163 |   3885 |   4 | 1341.0 |
   Spider Nest |   4981 |   4742 |    239 |    264 |   3366 |   4 | 1245.2 |
    Slime Pits |   3041 |   2909 |    132 |    417 |   1940 |   5 |  608.2 |
  Orcish Mines |   3068 |   2520 |    548 |     29 |   2011 |   2 | 1534.0 |
   Elven Halls |   3949 |   3786 |    163 |    653 |   2036 |   3 | 1316.3 |
        Vaults |   8548 |   7698 |    850 |    567 |   5080 |   5 | 1709.6 |
        Depths |   7858 |   7115 |    743 |    726 |   4391 |   4 | 1964.5 |
           Zot |   3917 |   3564 |    353 |    339 |   2199 |   5 |  783.4 |
      Ice Cave |   1485 |   1485 |      0 |    439 |    748 |   1 | 1485.0 |
               +--------+--------+--------+--------+--------+-----+--------+

Top non-repeatable levels by time:
Depths:2: 3170 daAuts
     D:8: 2793 daAuts
     D:9: 2782 daAuts
     D:3: 2705 daAuts
    D:14: 2432 daAuts
  Lair:3: 2419 daAuts
     D:4: 2398 daAuts
Vaults:1: 2370 daAuts
     D:6: 2338 daAuts
  Lair:1: 2288 daAuts
   Orc:2: 2283 daAuts
  Lair:5: 2143 daAuts
   Elf:3: 2103 daAuts
     D:1: 2071 daAuts
  Lair:2: 1965 daAuts
